MLB
DETROIT TIGERS @ ANAHEIM ANGELS
05/07/2004
 
TOP OF THE 1ST
Detroit Tigers batting - Pitching for Anaheim Angels : LHP Sam Helms
Pitching: LHP Sam Helms
Batting: RHB Fernando Tatis 0-0: Ball
1-0: Ball
2-0: Ball
3-0: Called Strike
3-1: SINGLE (Groundball, 4MD, EV 96.3 MPH)
Batting: LHB Mark Kotsay 0-0: Fielders Choice at 2nd, 2-6 (Groundball, 2R, EV 73.8 MPH)
Batting: LHB Brian Giles 0-0: Called Strike
0-1: Ball
1-1: Called Strike
1-2: Hit by Pitch
Mark Kotsay to second
Batting: RHB Jesus Parra 0-0: Ball
1-0: Called Strike
1-1: Ball
2-1: Foul Ball, location: 2F
2-2: 3-RUN HOME RUN (Flyball, 7LD, EV 91.9 MPH), Distance : 342 ft
Batting: SHB Tony Clark 0-0: Ball
1-0: Ball
2-0: Swinging Strike
2-1: Called Strike
2-2: Ball
3-2: Reached on error, E1 (Groundball, 15S, EV 71.3 MPH)
Batting: RHB Freddy Sanchez 0-0: Called Strike
0-1: Ball
1-1: Foul Ball, location: 9LSF
1-2: Strikes out swinging
Batting: RHB Derrek Lee 0-0: Ball
1-0: Ball
2-0: Foul Ball, location: 2F
2-1: Ball
3-1: Foul Ball, location: 5SF
3-2: DOUBLE (Line Drive, 9LD, EV 96.9 MPH)
Tony Clark scores
Batting: RHB Willis Otanez 0-0: Called Strike
0-1: Ball
1-1: Foul Ball, location: 2F
1-2: Strikes out swinging
Top of the 1st over - 4 runs, 3 hits, 1 error, 1 left on base; Detroit 4 - Anaheim 0
BOTTOM OF THE 1ST
Anaheim Angels batting - Pitching for Detroit Tigers : RHP Brian Pilkington
Pitching: RHP Brian Pilkington
Batting: SHB Jose Reyes 0-0: Swinging Strike
0-1: Ball
1-1: SINGLE (Line Drive, 4D, EV 95.6 MPH)
Batting: LHB Rusty Greer 0-0: Fly out, F7 (Flyball, 7, EV 90.0 MPH)
Batting: RHB Jack E Wilson 0-0: Ball
1-0: Ball
2-0: Ball
3-0: Foul Ball, location: 2F
3-1: 2-RUN HOME RUN (Flyball, 8RXD, EV 102.5 MPH), Distance : 420 ft
Batting: LHB Ryan Howard 0-0: Swinging Strike
0-1: Swinging Strike
0-2: Strikes out looking
Batting: RHB Jayson Werth 0-0: Ground out 4-3 (Groundball, 4M, EV 88.1 MPH)
Bottom of the 1st over - 2 runs, 2 hits, 0 errors, 0 left on base; Detroit 4 - Anaheim 2
TOP OF THE 2ND
Detroit Tigers batting - Pitching for Anaheim Angels : LHP Sam Helms
Batting: RHB Craig Ansman 0-0: Ball
1-0: Foul Ball, location: 2F
1-1: Called Strike
1-2: Strikes out looking
Batting: RHB Fernando Tatis 0-0: Ball
1-0: Ball
2-0: Ball
3-0: Called Strike
3-1: Base on Balls
Batting: LHB Mark Kotsay 0-0: SINGLE (Line Drive, 8LS, EV 110.0 MPH)
Fernando Tatis to second
Runner from 2nd tries for 3rd, SAFE, throw by CF made to third
Batting: LHB Brian Giles 0-0: Ball
Mark Kotsay steals 2nd base
1-0: Called Strike
1-1: Ball
2-1: Called Strike
2-2: Ball
3-2: Ground out 6-3 (Groundball, 56, EV 91.3 MPH)
Fernando Tatis scores
Batting: RHB Jesus Parra 0-0: Ball
1-0: Ball
2-0: Called Strike
2-1: Foul Ball, location: 9LMF
2-2: Foul Ball, location: 5FF
2-2: Foul Ball, location: 2F
2-2: Foul Ball, location: 7LMF
2-2: Strikes out swinging
Top of the 2nd over - 1 run, 1 hit, 0 errors, 1 left on base; Detroit 5 - Anaheim 2
BOTTOM OF THE 2ND
Anaheim Angels batting - Pitching for Detroit Tigers : RHP Brian Pilkington
Batting: RHB Willie Martinez 0-0: Called Strike
0-1: Swinging Strike
0-2: Strikes out swinging
Batting: LHB Colin Porter 0-0: Foul Ball, location: 3F
0-1: Called Strike
0-2: Strikes out looking
Batting: RHB Richard Hidalgo 0-0: Called Strike
0-1: Ball
1-1: Ball
2-1: Foul Ball, location: 9LMF
2-2: Strikes out looking
Bottom of the 2nd over - 0 runs, 0 hits, 0 errors, 0 left on base; Detroit 5 - Anaheim 2
TOP OF THE 3RD
Detroit Tigers batting - Pitching for Anaheim Angels : LHP Sam Helms
Pitching: LHP Steve Avery
Batting: SHB Tony Clark 0-0: Ball
1-0: Foul Ball, location: 7LMFF
1-1: Called Strike
1-2: Foul Ball, location: 25F
1-2: Fly out, F6 (Line Drive, 6, EV 75.0 MPH)
Batting: RHB Freddy Sanchez 0-0: Ball
1-0: Called Strike
1-1: Foul Ball, location: 9LDF
1-2: Foul Ball, location: 2F
1-2: Foul Ball, location: 2F
1-2: Fly out, F4 (Line Drive, 4, EV 66.3 MPH)
Batting: RHB Derrek Lee 0-0: Called Strike
0-1: SINGLE (Groundball, 34D, EV 102.5 MPH)
Batting: RHB Willis Otanez 0-0: Ball
1-0: Ball
2-0: Called Strike
2-1: Called Strike
2-2: Ball
3-2: Ground out 6-3 (Groundball, 6M, EV 107.5 MPH)
Top of the 3rd over - 0 runs, 1 hit, 0 errors, 1 left on base; Detroit 5 - Anaheim 2
BOTTOM OF THE 3RD
Anaheim Angels batting - Pitching for Detroit Tigers : RHP Brian Pilkington
Batting: SHB Miguel Rodriguez 0-0: Called Strike
0-1: Ball
1-1: Ball
2-1: SINGLE (Line Drive, 7S, EV 103.1 MPH)
Batting: SHB Jose Reyes 0-0: Ball
1-0: Fly out, F8 (Flyball, 8RD, EV 87.5 MPH)
Batting: LHB Rusty Greer 0-0: Ball
Miguel Rodriguez steals 2nd base
1-0: Ball
2-0: Called Strike
2-1: Foul Ball, location: 2F
2-2: Ground out 4-3 (Groundball, 4, EV 60.6 MPH)
Miguel Rodriguez to third
Batting: RHB Jack E Wilson 0-0: Ball
1-0: Fly out, F8 (Flyball, 8RS, EV 86.9 MPH)
Bottom of the 3rd over - 0 runs, 1 hit, 0 errors, 1 left on base; Detroit 5 - Anaheim 2
TOP OF THE 4TH
Detroit Tigers batting - Pitching for Anaheim Angels : LHP Steve Avery
Batting: RHB Craig Ansman 0-0: Foul Ball, location: 2F
0-1: SOLO HOME RUN (Line Drive, 7LD, EV 94.4 MPH), Distance : 346 ft
Batting: RHB Fernando Tatis 0-0: Ball
1-0: Ball
2-0: Ball
3-0: Base on Balls
Batting: LHB Mark Kotsay 0-0: Called Strike
0-1: Swinging Strike
0-2: Ball
1-2: SINGLE (Groundball, 56D, EV 99.4 MPH)
Fernando Tatis to second
Batting: LHB Brian Giles 0-0: Ball
1-0: SINGLE (Groundball, 6MD, EV 97.5 MPH)
Fernando Tatis to third
Mark Kotsay to second
Runner from 3rd tries for Home, SAFE, throw by CF to home
Batting: RHB Jesus Parra 0-0: Foul Ball, location: 5FF
0-1: Called Strike
0-2: Ball
1-2: Fly out, F8 (Flyball, 8RD, EV 101.9 MPH)
Runner from 2nd tags up, SAFE at 3rd, no throw by CF
Batting: SHB Tony Clark 0-0: Swinging Strike
0-1: Ball
1-1: Ball
2-1: Fly out, F8 (Flyball, 8RXD, EV 92.5 MPH)
Runner from 3rd tags up, SCORES, no throw by CF
Pitching: RHP Chad Hutchinson
Batting: RHB Freddy Sanchez 0-0: Ball
1-0: Called Strike
1-1: Hit by Pitch
Brian Giles to second
Batting: RHB Derrek Lee 0-0: Called Strike
0-1: Called Strike
0-2: Ball
1-2: Fielders Choice at 2nd, 6-4 (Groundball, 6, EV 91.9 MPH)
Top of the 4th over - 3 runs, 3 hits, 0 errors, 2 left on base; Detroit 8 - Anaheim 2
BOTTOM OF THE 4TH
Anaheim Angels batting - Pitching for Detroit Tigers : RHP Brian Pilkington
Batting: LHB Ryan Howard 0-0: Ground out 4-3 (Groundball, 4, EV 92.5 MPH)
Batting: RHB Jayson Werth 0-0: Ground out 5-3 (Groundball, 56, EV 90.0 MPH)
Batting: RHB Willie Martinez 0-0: Foul Ball, location: 3F
0-1: Ground out 4-3 (Groundball, 4, EV 100.0 MPH)
Bottom of the 4th over - 0 runs, 0 hits, 0 errors, 0 left on base; Detroit 8 - Anaheim 2
TOP OF THE 5TH
Detroit Tigers batting - Pitching for Anaheim Angels : RHP Chad Hutchinson
Batting: RHB Willis Otanez 0-0: Foul Ball, location: 9LMF
0-1: Foul Ball, location: 5F
0-2: Ground out 6-3 (Groundball, 6, EV 82.5 MPH)
Batting: RHB Craig Ansman 0-0: Ball
1-0: Fly out, F8 (Line Drive, 8RM, EV 98.1 MPH)
Batting: RHB Fernando Tatis 0-0: Ball
1-0: Ball
2-0: Called Strike
2-1: Foul Ball, location: 9LMF
2-2: Ball
3-2: Base on Balls
Batting: LHB Mark Kotsay 0-0: Ball
Fernando Tatis is caught stealing 2nd base 2-6
Top of the 5th over - 0 runs, 0 hits, 0 errors, 0 left on base; Detroit 8 - Anaheim 2
BOTTOM OF THE 5TH
Anaheim Angels batting - Pitching for Detroit Tigers : RHP Brian Pilkington
Batting: LHB Colin Porter 0-0: Called Strike
0-1: Called Strike
0-2: Ball
1-2: Fly out, F7 (Flyball, 78M, EV 88.1 MPH)
Batting: RHB Richard Hidalgo 0-0: Ground out U3 (Groundball, 3L, EV 78.8 MPH)
Batting: SHB Miguel Rodriguez 0-0: Called Strike
0-1: Called Strike
0-2: Foul Ball, location: 2F
0-2: Ball
1-2: SINGLE (Line Drive, 9S, EV 93.8 MPH)
Batting: SHB Jose Reyes 0-0: Called Strike
Miguel Rodriguez steals 2nd base
0-1: Foul Ball, location: 25FF
0-2: Ball
1-2: Strikes out swinging
Bottom of the 5th over - 0 runs, 1 hit, 0 errors, 1 left on base; Detroit 8 - Anaheim 2
TOP OF THE 6TH
Detroit Tigers batting - Pitching for Anaheim Angels : RHP Chad Hutchinson
Batting: LHB Mark Kotsay 0-0: Called Strike
0-1: Ball
1-1: Ball
2-1: Foul Ball, location: 7LSF
2-2: Ball
3-2: Reached on error, E6 (Groundball, 6, EV 85.6 MPH)
Batting: LHB Brian Giles 0-0: Called Strike
0-1: Called Strike
0-2: Fielders Choice at 2nd, 1-6 (Groundball, 13, EV 73.1 MPH)
Batting: RHB Jesus Parra 0-0: Ball
1-0: Called Strike
1-1: Grounds into double play, 6-4-3 (Groundball, 6, EV 85.0 MPH)
Top of the 6th over - 0 runs, 0 hits, 1 error, 0 left on base; Detroit 8 - Anaheim 2
BOTTOM OF THE 6TH
Anaheim Angels batting - Pitching for Detroit Tigers : RHP Brian Pilkington
Batting: LHB Rusty Greer 0-0: Called Strike
0-1: Ball
1-1: Swinging Strike
1-2: Ball
2-2: Strikes out swinging
Batting: RHB Jack E Wilson 0-0: Ball
1-0: Ball
2-0: Ground out 4-3 (Groundball, 4, EV 80.6 MPH)
Batting: LHB Ryan Howard 0-0: Ball
1-0: Ground out 1-3 (Groundball, 13S, EV 63.1 MPH)
Bottom of the 6th over - 0 runs, 0 hits, 0 errors, 0 left on base; Detroit 8 - Anaheim 2
TOP OF THE 7TH
Detroit Tigers batting - Pitching for Anaheim Angels : RHP Chad Hutchinson
Pitching: RHP Dave Elder
Batting: SHB Tony Clark 0-0: Ball
1-0: SOLO HOME RUN (Flyball, 8LXD, EV 113.8 MPH), Distance : 455 ft
Batting: RHB Freddy Sanchez 0-0: Ground out 6-3 (Groundball, 6, EV 98.8 MPH)
Batting: RHB Derrek Lee 0-0: Called Strike
0-1: Ball
1-1: Ball
2-1: Called Strike
2-2: Foul Ball, location: 2F
2-2: Strikes out swinging, 2-3 out at first.
Batting: RHB Willis Otanez 0-0: Swinging Strike
0-1: Ball
1-1: Called Strike
1-2: Ground out 5-3 (Groundball, 5, EV 81.9 MPH)
Top of the 7th over - 1 run, 1 hit, 0 errors, 0 left on base; Detroit 9 - Anaheim 2
BOTTOM OF THE 7TH
Anaheim Angels batting - Pitching for Detroit Tigers : RHP Brian Pilkington
Batting: RHB Jayson Werth 0-0: Fly out, F7 (Flyball, 7, EV 92.5 MPH)
Batting: RHB Willie Martinez 0-0: Ball
1-0: Called Strike
1-1: Fly out, F7 (Flyball, 78S, EV 91.3 MPH)
Batting: LHB Colin Porter 0-0: Ball
1-0: Called Strike
1-1: Foul Ball, location: 5SF
1-2: Ball
2-2: Ball
3-2: Base on Balls
Batting: RHB Richard Hidalgo 0-0: Fielders Choice at 2nd, 6-4 (Groundball, 6, EV 102.5 MPH)
Bottom of the 7th over - 0 runs, 0 hits, 0 errors, 1 left on base; Detroit 9 - Anaheim 2
TOP OF THE 8TH
Detroit Tigers batting - Pitching for Anaheim Angels : RHP Dave Elder
Batting: RHB Craig Ansman 0-0: Ball
1-0: DOUBLE (Flyball, 78D, EV 94.4 MPH)
Batting: RHB Fernando Tatis 0-0: Ball
1-0: Ball
2-0: Called Strike
2-1: Ball
3-1: Foul Ball, location: 25F
3-2: Foul Ball, location: 7LMFF
3-2: Strikes out swinging
Pitching: RHP Mark Riley
Batting: LHB Mark Kotsay 0-0: Ball
1-0: Ball
2-0: Ball
3-0: Called Strike
3-1: Ground out 4-3 (Groundball, 4, EV 109.4 MPH)
Craig Ansman to third
Batting: LHB Brian Giles 0-0: Ball
1-0: Ball
Wild Pitch!
Craig Ansman scores
2-0: Ball
3-0: Base on Balls
Batting: RHB Jesus Parra 0-0: Called Strike
0-1: Swinging Strike
0-2: Ball
1-2: Strikes out looking
Top of the 8th over - 1 run, 1 hit, 0 errors, 1 left on base; Detroit 10 - Anaheim 2
BOTTOM OF THE 8TH
Anaheim Angels batting - Pitching for Detroit Tigers : RHP Brian Pilkington
Batting: SHB Miguel Rodriguez 0-0: SINGLE (Groundball, 4MD, EV 105.0 MPH)
Batting: SHB Jose Reyes 0-0: Fly out, F9 (Flyball, 9D, EV 106.9 MPH)
Batting: LHB Rusty Greer 0-0: Ball
1-0: Called Strike
1-1: Ball
2-1: Ball
3-1: Base on Balls
Miguel Rodriguez to second
Batting: RHB Jack E Wilson 0-0: Called Strike
0-1: Ball
1-1: Foul Ball, location: 2F
1-2: Ball
2-2: Grounds into double play, 4-6-3 (Groundball, 34, EV 108.1 MPH)
Bottom of the 8th over - 0 runs, 1 hit, 0 errors, 1 left on base; Detroit 10 - Anaheim 2
TOP OF THE 9TH
Detroit Tigers batting - Pitching for Anaheim Angels : RHP Mark Riley
Batting: LHB Adan Munoz 0-0: Called Strike
0-1: Called Strike
0-2: Ball
1-2: Ball
2-2: Ball
3-2: Ground out 4-3 (Groundball, 4MS, EV 63.8 MPH)
Batting: RHB Freddy Sanchez 0-0: Ball
1-0: Foul Ball, location: 2F
1-1: Foul Ball, location: 2F
1-2: Fly out, F4 (Popup, 4, EV 53.8 MPH)
Batting: RHB Derrek Lee 0-0: Ball
1-0: Fly out, F9 (Flyball, 89S, EV 86.3 MPH)
Top of the 9th over - 0 runs, 0 hits, 0 errors, 0 left on base; Detroit 10 - Anaheim 2
BOTTOM OF THE 9TH
Anaheim Angels batting - Pitching for Detroit Tigers : RHP Brian Pilkington
Batting: LHB Ryan Howard 0-0: Foul Ball, location: 9LSF
0-1: Ball
1-1: Foul Ball, location: 7LSF
1-2: Ball
2-2: SOLO HOME RUN (Line Drive, 7LD, EV 91.9 MPH), Distance : 342 ft
Batting: RHB Jayson Werth 0-0: Called Strike
0-1: Called Strike
0-2: Foul Ball, location: 2F
0-2: Ball
1-2: Foul Ball, location: 3FF
1-2: Foul Ball, location: 9LMF
1-2: Ball
2-2: Foul Ball, location: 3DF
2-2: Foul Ball, location: 2F
2-2: Foul Ball, location: 5DF
2-2: Foul Ball, location: 5SF
2-2: Ball
3-2: Foul Ball, location: 2F
3-2: Base on Balls
Pitching: RHP Danny Melandri
Batting: RHB Willie Martinez 0-0: Called Strike
0-1: Ball
1-1: Fly out, F9 (Flyball, 9D, EV 101.3 MPH)
Batting: LHB Colin Porter 0-0: Foul Ball, location: 2F
0-1: Swinging Strike
0-2: Strikes out swinging
Batting: RHB Richard Hidalgo 0-0: Called Strike
0-1: Swinging Strike
0-2: Fly out, F5 (Popup, 56, EV 56.3 MPH)
Bottom of the 9th over - 1 run, 1 hit, 0 errors, 1 left on base; Detroit 10 - Anaheim 3
Friday, November 8th , 2024 - OOTP Baseball 25.10 Build 95